 Dungeon Crawl Stone Soup version 0.29-a0-721-g7f417c9bbb (webtiles) character file.

Game seed: 12680021524126869915

63 gobodom the Magician (level 3, 0/24 HPs)
             Began as a Demonspawn Hedge Wizard on June 28, 2022.
             Slain by an orc wizard
             ... wielding a +0 dagger
              (3 damage)
             ... on level 3 of the Dungeon.
             The game lasted 00:06:21 (2167 turns).

gobodom the Magician (Demonspawn Hedge Wizard)      Turns: 2167, Time: 00:06:22

Health: 0/24       AC:  3    Str: 12    XL:     3   Next: 89%
Magic:  1/8        EV: 12    Int: 15    God:
Gold:   148        SH:  0    Dex: 12    Spells: 8/10 levels left

rFire   . . .      SeeInvis .   a - +0 dagger
rCold   . . .      Faith    .   (no shield)
rNeg    . . .      Spirit   .   b - +0 robe
rPois   .          Reflect  .   c - +0 hat
rElec   .          Harm     .   (no cloak)
rCorr   .          Rampage  .   (no gloves)
Will    .....                   (no boots)
Stlth   +.........              (no amulet)
HPRegen 0.08/turn               j - ring of flight
MPRegen 0.11/turn               (no ring)

@: confused, flying
A: rugged brown scales 1
a: no special abilities


You were on level 3 of the Dungeon.
You visited 1 branch of the dungeon, and saw 3 of its levels.

You collected 148 gold pieces.

Inventory:

Hand Weapons
 a - a +0 dagger (weapon)
Missiles
 o - 4 poisoned darts
Armour
 b - a +0 robe (worn)
 c - a +0 hat (worn)
Jewellery
 j - a ring of flight (left hand)
Scrolls
 g - 2 scrolls of fear
 i - a scroll of summoning {unknown}
 k - a scroll of enchant armour {unknown}
 l - a scroll of teleportation
 p - a scroll of magic mapping {unknown}
Potions
 d - a potion of magic
 e - 2 potions of invisibility
 f - 3 potions of curing {unknown}
 h - 3 potions of heal wounds {unknown}
 m - a potion of haste


   Skills:
 + Level 0.2 Fighting
 + Level 0.6 Short Blades
 + Level 1.8 Dodging
 + Level 2.2 Stealth
 + Level 4.0 Spellcasting
 * Level 1.4 Conjurations
 + Level 1.0 Summonings
 + Level 0.8 Translocations


You had 8 spell levels left.
You knew the following spells:

 Your Spells              Type           Power      Damage    Failure   Level
a - Magic Dart            Conj           28%        1d4       10%         1
b - Summon Small Mammal   Summ           24%        N/A       12%         1

Your spell library contained the following spells:

 Spells                   Type           Power      Damage    Failure   Level
 Slow                     Hex            12%        N/A       19%         1
 Blink                    Tloc           10%        N/A       19%         2
 Call Imp                 Summ           6%         N/A       19%         2
 Call Canine Familiar     Summ           6%         N/A       34%         3
 Conjure Flame            Conj/Fire      5%         6-21      36%         3
 Mephitic Cloud           Conj/Pois/Air  4%         N/A       41%         3
 Summon Guardian Golem    Hex/Summ       4%         N/A       41%         3


Dungeon Overview and Level Annotations

Branches:
Dungeon (3/15)

Altars:


Innate Abilities, Weirdness & Mutations

You are partially covered in rugged brown scales. (AC +1, +3% HP)


Message History

The puff of flame misses you.
The magic dart hits the orc wizard.
The orc wizard is moderately wounded.
The orc wizard hits you with a +0 dagger.
You are out of magic!
You are out of magic!
You barely miss the orc wizard.
The orc wizard is moderately wounded.
The orc wizard hits you with a +0 dagger.
You hit the orc wizard but do no damage.
The orc wizard is moderately wounded.
The orc wizard hits you with a +0 dagger.
* * * LOW HITPOINT WARNING * * *
You hit the orc wizard but do no damage.
The orc wizard is moderately wounded.
The orc wizard closely misses you.
You barely miss the orc wizard.
The orc wizard is moderately wounded.
The orc wizard misses you.
You barely miss the orc wizard.
The orc wizard is moderately wounded.
The orc wizard barely misses you.
You closely miss the orc wizard.
The orc wizard is moderately wounded.
The orc wizard gestures at you while chanting.
You are confused.
You are too confused!
You bump into the rock wall.
The orc wizard closely misses you.
You bump into the rock wall.
The orc wizard casts a spell.
The orc wizard flickers and vanishes!
Deactivating autopickup; reactivate with Ctrl-A.
You bump into the rock wall.
Something hits you.
* * * LOW HITPOINT WARNING * * *
You barely miss something. Something hits you.
* * * LOW HITPOINT WARNING * * *
You barely miss something. Something barely misses you.
You bump into the rock wall.
Something hits you but does no damage.
You bump into the rock wall.
Something hits you.
You die...

#.# #o# #.#
#.# #.# #.#
#.#
#.##########.#
#..ooo{@....[#
##############


You could see 3 orcs.

Vanquished Creatures
  2 adders (D:2)
  A worm (D:3)
  2 dart slugs
  An orc (D:3)
  2 bats (D:1)
  3 endoplasms
  A giant cockroach (D:1)
  3 goblins
  2 hobgoblins (D:2)
  2 jackals (D:1)
  4 kobolds (D:1)
  3 quokkas
  4 ball pythons
  4 rats
34 creatures vanquished.

Vanquished Creatures (collateral kills)
  A giant cockroach (D:2)
1 creature vanquished.

Grand Total: 35 creatures vanquished

Notes
Turn   | Place    | Note
-------+----------+-------------------------------------------
     0 | D:1      | gobodom the Demonspawn Hedge Wizard began the quest for the
                  | Orb.
     0 | D:1      | Reached XP level 1. HP: 13/13 MP: 4/4
   317 | D:1      | Gained mutation: You are partially covered in rugged brown
                  | scales. (AC +1, +3% HP) [demonic ancestry]
   317 | D:1      | Reached XP level 2. HP: 13/19 MP: 1/6
  1072 | D:1      | Learned a level 1 spell: Summon Small Mammal
  1119 | D:2      | Reached XP level 3. HP: 24/24 MP: 0/8
  1275 | D:2      | Reached skill level 4 in Spellcasting
  1620 | D:2      | Found a faded altar of an unknown god.
  2167 | D:3      | Slain by an orc wizard

Illustrated notes

Levels and vault maps discovered:
D:1:      lemuel_arrival_broad_hall, layout_basic
D:2:      layout_rooms, shapermc_ecumenical_altar_mp_highgroup, minivault_4,
          amethyst_killhole, corexii_hall_statues_s
D:3:      layout_basic, kennysheep_generic_room_10

Skill      XL: |  1  2  3 |
---------------+----------+-----
Stealth        | 2 |  2.2
Spellcasting   | 4 |  4.0
Fighting       | |  0.2
Short Blades   | |  0.6
Dodging        | |  1.8
Conjurations   | |  1.4
Summonings     | |  1.0
Translocations | |  0.8

Action                   || total
-------------------------++-------
Melee: Dagger            ||    51
 Cast: Magic Dart        ||    90
       Summon Small Mamm ||     3
  Use: Scroll            ||     4
Armor: Robe              ||    18
Dodge: Dodged            ||    51

Table legend: (Time is in decaauts)
 A = Elapsed time spent in this place.
 B = Non-inter-level travel time spent in this place.
 C = Inter-level travel time spent in this place.
 D = Time resting spent in this place.
 E = Time spent auto-exploring this place.
 F = Levels seen in this place.
 G = Mean time per level.
                   A        B        C        D        E       F      G
               +--------+--------+--------+--------+--------+-----+--------+
         Total |   2165 |   2102 |     63 |      2 |   1720 |   3 |  721.7 |
       Dungeon |   2165 |   2102 |     63 |      2 |   1720 |   3 |  721.7 |
               +--------+--------+--------+--------+--------+-----+--------+

Top non-repeatable levels by time:
     D:1: 1110 daAuts
     D:2: 716 daAuts
     D:3: 338 daAuts
